 Dungeon Crawl Stone Soup version 0.28-a0-43-g560ac104fe (webtiles) character file.

Game seed: 12326632887275133661

2724 Demosthentine the Spear-Bearer (level 9, -7/72 HPs)
             Began as a Merfolk Gladiator on July 28, 2021.
             Was a Follower of the Shining One.
             Mangled by a killer bee (9 damage)
             ... on level 7 of the Dungeon.
             The game lasted 00:06:23 (9062 turns).

Demosthentine the Spear-Bearer (Merfolk Gladiator)  Turns: 9062, Time: 00:06:23

Health: -7/72      AC: -5    Str: 22    XL:     9   Next: 67%
Magic:  9/9        EV: 16    Int:  8    God:    the Shining One [*.....]
Gold:   626        SH:  5    Dex: 16    Spells: 8/8 levels left

rFire   . . .      SeeInvis .   a - +0 trident (freeze)
rCold   . . .      Faith    .   (no shield)
rNeg    . . .      Spirit   .   b - +0 leather armour
rPois   .          Reflect  +   c - +0 helmet
rElec   .          Harm     .   w - +0 cloak
rCorr   +          Rampage  .   (no gloves)
Will    .....                   (no boots)
Stlth   +.........              r - amulet of reflection
HPRegen 0.22/turn               j - +6 ring of strength
MPRegen 0.11/turn               x - ring of resist corrosion

@: corroded, glowing
A: (nimble swimmer 2), mertail
a: Renounce Religion


You were on level 7 of the Dungeon.
You worshipped the Shining One.
The Shining One was aware of your devotion.
You visited 2 branches of the dungeon, and saw 9 of its levels.

You collected 626 gold pieces.

Inventory:

Hand Weapons
 a - a +0 trident of freezing (weapon)
Missiles
 d - 2 throwing nets (quivered)
Armour
 b - a +0 leather armour (worn)
 c - a +0 helmet (worn)
 w - a +0 cloak (worn)
 A - a +0 buckler
Jewellery
 j - a +6 ring of strength (left hand)
 r - an amulet of reflection (around neck)
 x - a ring of resist corrosion (right hand)
Wands
 h - a wand of iceblast (9)
 l - a wand of polymorph (6)
 m - a wand of flame (19)
 o - a wand of acid (13)
 y - a wand of paralysis (8)
Scrolls
 g - 2 scrolls of silence
Potions
 e - 3 potions of curing
 f - 2 potions of brilliance {unknown}
 k - 2 potions of mutation
 n - a potion of might
 p - a potion of berserk rage
 q - 4 potions of degeneration {unknown}
 s - a potion of haste {unknown}
 t - 2 potions of lignification {unknown}
 v - a potion of invisibility {unknown}


   Skills:
 + Level 7.2 Fighting
 + Level 10.1 Polearms
 - Level 2.0 Throwing
 + Level 4.6 Armour
 + Level 9.2 Dodging
 + Level 1.8 Shields


You had 8 spell levels left.
You didn't know any spells.
Your spell library contained the following spells:

 Spells                   Type           Power      Damage    Failure   Level
 Beastly Appendage        Tmut           0%         N/A       45%         1
 Foxfire                  Conj/Fire      0%         2x1d4     45%         1
 Shock                    Conj/Air       0%         1d3       45%         1
 Wereblood                Tmut           0%         N/A       58%         2
 Spider Form              Tmut/Pois      0%         N/A       83%         3
 Leda's Liquefaction      Hex/Erth       0%         N/A       99%         4
 Bolt of Magma            Conj/Fire/Erth 0%         4d4       100%        5
 Statue Form              Tmut/Erth      0%         N/A       100%        6


Dungeon Overview and Level Annotations

Branches:
Dungeon (8/15)             Temple (1/1) D:7
   Lair: D:8-11

Altars:
Ashenzari
Cheibriados
Dithmenos
Elyvilon
Gozag
Hepliaklqana
Kikubaaqudgha
Makhleb
Nemelex Xobeh
Okawaru
Ru
Sif Muna
Trog
Uskayaw
Vehumet
Xom
Yredelemnul
Zin
The Shining One


Innate Abilities, Weirdness & Mutations

((You are quick and stealthy near water. (Stealth+, EV+, Speed+++)))
Your lower body shifts to a powerful aquatic tail in water.


Message History

Okay, then.
Okay, then.
The killer bee misses you. The killer bee stings you!
The killer bee closely misses you. The killer bee stings you.
The killer bee stings you. You block the killer bee's attack.
The killer bee stings you.
* * * LOW HITPOINT WARNING * * *
You hit the jelly. You freeze the jelly.
Your hands burn!
* * * LOW HITPOINT WARNING * * *
The jelly is almost dead.
The killer bee closely misses you. The jelly closely misses you.
You puncture the jelly! You freeze the jelly.
You kill the jelly!
The killer bee closely misses you. x2; The killer bee completely misses you.
The killer bee barely misses you. The killer bee stings you!
* * * LOW HITPOINT WARNING * * *
There is a stone staircase leading up here.
The killer bee closely misses you. x2; The killer bee barely misses you.
The killer bee closely misses you.
You climb upwards.
There is a stone staircase leading down here.
Unknown command.
You closely miss the killer bee. The killer bee misses you.
You block the killer bee's attack. The killer bee stings you.
* * * LOW HITPOINT WARNING * * *
You are lethally poisoned!
The killer bee poisons you! The killer bee completely misses you.
You hit the killer bee but do no damage.
* * * LOW HITPOINT WARNING * * *
You feel sick. You block the killer bee's attack. x2
The killer bee stings you.
* * * LOW HITPOINT WARNING * * *
You are more poisoned.
The killer bee poisons you!
You feel better. The killer bee stings you.
* * * LOW HITPOINT WARNING * * *
The killer bee stings you.
* * * LOW HITPOINT WARNING * * *
The killer bee misses you. The killer bee stings you!
You die...

......##......#
.##...........#
>##...##......#
.##...##......#
.'....+.......#
.#....##.....##
.##...##......######
.#######......#..y.##
.#.^..#.........@...#
.#....#..........y..#
.###..##......#....##
.###..##..)...######
......##.)....#
.......#.).)..#
.......#.....##
.......#.....##
#.##..#.......#


You could see 2 killer bees.

Vanquished Creatures
  Sigmund (D:3)
  A steam dragon (D:8)
  Edmund (D:6)
  Menkaure (D:5)
  2 water moccasins
  Duvessa (D:5)
  2 orc warriors (D:6)
  A sky beast (D:7)
  2 ogres (D:6)
  A centaur (D:6)
  A phantom (D:5)
  3 bullfrogs
  4 scorpions
  A wyvern zombie (D:5)
  Dowan (D:5)
  A bullfrog zombie (D:6)
  3 jellies
  A bullfrog skeleton (D:6)
  A centaur skeleton (D:5)
  2 orc priests (D:2)
  5 orc wizards
  2 iguanas
  4 killer bee zombies (D:7)
  A howler monkey zombie (D:7)
  Robin (D:4)
  4 gnolls (D:7)
  6 adders
  2 howler monkey skeletons
  A white imp (D:5)
  A dart slug (D:1)
  18 orcs
  7 ball pythons
  8 endoplasms
  A giant cockroach (D:3)
  9 goblins
  14 hobgoblins
  8 jackals
  4 quokkas
  4 bats (D:1)
  3 frilled lizards
  6 kobolds
  7 rats
147 creatures vanquished.

Notes
Turn   | Place    | Note
-------+----------+-------------------------------------------
     0 | D:1      | Demosthentine the Merfolk Gladiator began the quest for the
                  | Orb.
     0 | D:1      | Reached XP level 1. HP: 16/16 MP: 1/1
   272 | D:1      | Reached XP level 2. HP: 22/23 MP: 2/2
   466 | D:1      | Reached XP level 3. HP: 28/28 MP: 3/3
   466 | D:1      | Found a faded altar of an unknown god.
   791 | D:2      | Found a burning altar of Makhleb.
   860 | D:2      | Reached skill level 5 in Polearms
   860 | D:2      | Reached skill level 1 in Armour
   860 | D:2      | Reached XP level 4. HP: 33/34 MP: 4/4
  1631 | D:3      | Reached skill level 5 in Dodging
  1681 | D:3      | Found a hide-covered altar of Uskayaw.
  1884 | D:3      | Noticed Sigmund
  1909 | D:3      | Killed Sigmund
  1910 | D:3      | Reached skill level 6 in Polearms
  1910 | D:3      | Reached XP level 5. HP: 42/42 MP: 5/5
  1910 | D:3      | Reached XP level 6. HP: 48/48 MP: 6/6
  2511 | D:3      | Found a glowing golden altar of the Shining One.
  2562 | D:3      | Became a worshipper of the Shining One
  3181 | D:4      | Found a basalt altar of Yredelemnul.
  3473 | D:4      | Noticed Robin
  3492 | D:4      | Killed Robin
  3843 | D:4      | Reached XP level 7. HP: 53/55 MP: 7/7
  4259 | D:5      | Entered Level 5 of the Dungeon
  4394 | D:5      | Noticed Menkaure
  4406 | D:5      | Killed Menkaure
  4407 | D:5      | Reached skill level 7 in Polearms
  4808 | D:5      | Reached skill level 5 in Fighting
  4908 | D:5      | Reached XP level 8. HP: 49/62 MP: 8/8
  5127 | D:5      | Reached skill level 8 in Polearms
  5144 | D:5      | Found a burning altar of Makhleb.
  5224 | D:5      | Noticed Duvessa
  5224 | D:5      | Noticed Dowan
  5241 | D:5      | Killed Duvessa
  5248 | D:5      | Killed Dowan
  5872 | D:6      | Found a white marble altar of Elyvilon.
  6113 | D:6      | Reached * piety under the Shining One
  6214 | D:6      | Reached skill level 9 in Polearms
  6393 | D:6      | Reached XP level 9. HP: 71/71 MP: 9/9
  6693 | D:6      | Found a bloodstained altar of Trog.
  6768 | D:6      | Found a shimmering blue altar of Sif Muna.
  6772 | D:6      | Got Sif Muna's Catalogue of Confrontation
  6787 | D:6      | Noticed Edmund
  6801 | D:6      | Killed Edmund
  7144 | D:7      | Found a snail-covered altar of Cheibriados.
  7154 | D:7      | Found a radiant altar of Vehumet.
  7776 | D:7      | Found a staircase to the Ecumenical Temple.
  7899 | D:7      | Found a sparkling altar of Nemelex Xobeh.
  8067 | Temple   | Entered the Ecumenical Temple
  8605 | D:8      | Reached skill level 1 in Shields
  8802 | D:8      | Reached skill level 10 in Polearms
  9062 | D:7      | HP: 2/72 [killer bee (6)]
  9062 | D:7      | Mangled by a killer bee

Illustrated notes

Levels and vault maps discovered:
D:1:      minmay_arrival_three_doors, layout_rooms,
          ebering_ecumenical_altar_webs, minmay_tetromino_t4
D:2:      layout_loops_ring, basic_altar, kennysheep_path_1
D:3:      minmay_razor_zed, layout_loops_ring, nicolae_uskayaw_dance_hall,
          marbit_many_paths, hangedman_abyss_or_decor_stabs, uniq_sigmund
D:4:      layout_basic, kennysheep_little_box, minmay_goblin_kobold_house,
          uniq_robin
D:5:      layout_gridville, mainiacjoe_overflow_alcove_1, uniq_menkaure,
          uniq_duvessa
D:6:      layout_basic, nzn_overflow_gifts_of_might_and_magic,
          amcnicky_altar_gilded, uniq_edmund
D:7:      layout_gridville, nemelex_diamond_rough_becter, jmf_multi_god_temple,
          minmay_temple_entry_overgrown
D:8:      layout_cave_pools, corexii_hall_statues_l, corexii_leaking_fountain,
          minmay_misc_feat_alley
Temple:   chequers_temple_sunken

Skill      XL: |  1  2  3  4  5  6  7  8  9 |
---------------+----------------------------+-----
Polearms       | 5 6 7 9 10 | 10.1
Armour         | 1 2 3 4 |  4.6
Fighting       | 3 4 5 6 7 |  7.2
Dodging        | 5 6 7 8 9 |  9.2
Shields        | 1 |  1.8
Throwing       | |  2.0

Action                   |  1- 3 |  4- 6 |  7- 9 || total
-------------------------+-------+-------+-------++-------
Melee: Trident           |    80 |   166 |   320 ||   566
       Tailslap          |       |       |     3 ||     3
Throw: Throwing net      |       |     1 |       ||     1
  Use: Scroll            |     2 |     5 |     7 ||    14
       Potion            |       |     1 |     3 ||     4
 Stab: Sleeping          |     1 |     4 |       ||     5
       Distracted        |     1 |     1 |       ||     2
       Held in net/web   |       |     1 |       ||     1
Armor: Leather armour    |    20 |    22 |    59 ||   101
Dodge: Dodged            |    48 |    82 |   203 ||   333
Block: Other             |       |       |    18 ||    18

Table legend: (Time is in decaauts)
 A = Elapsed time spent in this place.
 B = Non-inter-level travel time spent in this place.
 C = Inter-level travel time spent in this place.
 D = Time resting spent in this place.
 E = Time spent auto-exploring this place.
 F = Levels seen in this place.
 G = Mean time per level.
                   A        B        C        D        E       F      G
               +--------+--------+--------+--------+--------+-----+--------+
         Total |   8841 |   8604 |    237 |     11 |   7564 |   9 |  982.3 |
       Dungeon |   8530 |   8294 |    236 |     11 |   7285 |   8 | 1066.2 |
        Temple |    310 |    310 |      0 |      0 |    279 |   1 |  310.0 |
               +--------+--------+--------+--------+--------+-----+--------+

Top non-repeatable levels by time:
     D:4: 1631 daAuts
     D:6: 1441 daAuts
     D:5: 1346 daAuts
     D:3: 1093 daAuts
     D:7: 1006 daAuts
     D:2: 822 daAuts
     D:1: 713 daAuts
     D:8: 476 daAuts
  Temple: 310 daAuts
